 Dungeon Crawl Stone Soup version 0.27-a0-242-ge0fc76b88b (webtiles) character file.

Game seed: 770775568176181446

223 dickylongcocking the Ruffian (level 5, 0/38 HPs)
             Began as a Demonspawn Gladiator on Feb 3, 2021.
             Splashed by a jelly's acid (7 damage)
             ... on level 3 of the Dungeon.
             The game lasted 00:02:21 (3250 turns).

dickylongcocking the Ruffian (Demonspawn Gladiator) Turns: 3250, Time: 00:02:22

Health: 0/38       AC: -8    Str: 15    XL:     5   Next: 66%
Magic:  5/5        EV: 12    Int: 10    God:
Gold:   60         SH:  0    Dex: 14    Spells: 4/4 levels left

rFire    . . .     SeeInvis .     - Unarmed
rCold    . . .     Faith    .   (no shield)
rNeg     . . .     Spirit   .   b - +0 leather armour
rPois    .         Reflect  .   c - +1 helmet
rElec    .         Harm     .   (no cloak)
rCorr    .         Rampage  .   (no gloves)
Will     .....                  l - +0 pair of boots
Stlth    +.........             (no amulet)
HPRegen  0.12/turn              (no ring)
MPRegen  0.09/turn              (no ring)

@: corroded
A: claws 1, iridescent scales 1, demonic magic 1
a: no special abilities


You were on level 3 of the Dungeon.
You visited 1 branch of the dungeon, and saw 3 of its levels.

You collected 60 gold pieces.

Inventory:

Hand Weapons
 a - a +0 flail
Missiles
 d - 3 throwing nets (quivered)
Armour
 b - a +0 leather armour (worn)
 c - a +1 helmet (worn)
 l - a +0 pair of boots (worn)
Jewellery
 p - an uncursed amulet of magic regeneration {unknown}
Scrolls
 f - a scroll of magic mapping
 h - a scroll of amnesia
 i - 3 scrolls of remove curse
 j - 2 scrolls of random uselessness
 k - a scroll of teleportation
 m - 2 scrolls of identify {unknown}
 n - a scroll of blinking {unknown}
 q - a scroll of enchant weapon {unknown}
Potions
 e - 2 potions of attraction {unknown}
 g - a potion of brilliance {unknown}
 o - 2 potions of ambrosia {unknown}


   Skills:
 - Level 2.0 Fighting
 - Level 3.2 Maces & Flails
 - Level 1.7 Throwing
 - Level 2.7 Dodging
 * Level 4.6 Unarmed Combat


You had 4 spell levels left.
You didn't know any spells.
Your spell library was empty.

Dungeon Overview and Level Annotations

Branches:
Dungeon (3/15)

Altars:
Trog


Innate Abilities, Weirdness & Mutations

You have sharp fingernails.
You are partially covered in iridescent scales. (AC +2)
Spells you cast may paralyse adjacent enemies.


Message History

The ooze is almost dead.
A nearby fungus withers and dies.
The ooze hits you but does no damage.
You scratch the ooze.
You kill the ooze!
You claw the jelly!
Your claws burn!
The jelly is heavily wounded.
The jelly hits you. The acid corrodes you!
You are splashed with acid!
You are too injured to fight recklessly!
You scratch the jelly.
Your claws burn!
The jelly is almost dead.
The jelly hits you. The acid corrodes you!
You are splashed with acid.
* * * LOW HITPOINT WARNING * * *
You are too injured to fight recklessly!
You scratch the jelly but do no damage. The acid corrodes you!
Your claws burn!
* * * LOW HITPOINT WARNING * * *
The jelly is almost dead.
The jelly hits you.
* * * LOW HITPOINT WARNING * * *
The acid corrodes you!
You are splashed with acid!
You die...

##.))..###.....#>###†..
#...)...##.......###...
#.......##.............
#.......##.).....###...
#.......##.....#.# #..#
####....###...##.# #...
##..'....#
#..###.######
#.######## #'##
#....... ##....)@## #.#
######## #######J# #.#
# ...J...JJ##.## #
.P.P.J.J÷##..## #
.÷.÷J....##...#########
.P÷P.P...##............
J........##.#.#########
!.÷÷÷..P.##...#
###########.###


You could see a jelly and 3 oozes.

Vanquished Creatures
  Terence (D:2)
  Natasha (thrice) (D:2)
  Robin (D:2)
  2 adders (D:2)
  An ooze (D:3)
  A worm (D:2)
  2 dart slugs
  4 leopard geckos
  3 ball pythons
  A giant cockroach (D:1)
  15 goblins
  7 hobgoblins
  6 jackals (D:2)
  12 kobolds
  7 bats
  10 frilled lizards
  7 rats
83 creatures vanquished.

Vanquished Creatures (others)
  A fungus (D:3)
  8 toadstools (D:3)
9 creatures vanquished.

Grand Total: 92 creatures vanquished

Notes
Turn   | Place    | Note
-------+----------+-------------------------------------------
     0 | D:1      | dickylongcocking the Demonspawn Gladiator began the quest
                  | for the Orb.
     0 | D:1      | Reached XP level 1. HP: 16/16 MP: 1/1
   177 | D:1      | Gained mutation: You have sharp fingernails. [demonic
                  | ancestry]
   177 | D:1      | Reached XP level 2. HP: 4/22 MP: 2/2
   670 | D:1      | Reached skill level 1 in Unarmed Combat
   943 | D:1      | Gained mutation: Spells you cast may paralyse adjacent
                  | enemies. [demonic ancestry]
   943 | D:1      | Reached XP level 3. HP: 18/27 MP: 3/3
  1231 | D:2      | Reached skill level 2 in Unarmed Combat
  1455 | D:2      | Noticed Natasha
  1471 | D:2      | Killed Natasha
  1472 | D:2      | Gained mutation: You are partially covered in iridescent
                  | scales. (AC +2) [demonic ancestry]
  1472 | D:2      | Reached XP level 4. HP: 3/33 MP: 4/4
  1885 | D:2      | Reached skill level 3 in Unarmed Combat
  2066 | D:2      | Noticed Robin
  2094 | D:2      | Killed Robin
  2153 | D:2      | Noticed Natasha
  2163 | D:2      | Killed Natasha
  2164 | D:2      | Reached XP level 5. HP: 22/38 MP: 5/5
  2291 | D:2      | Reached skill level 4 in Unarmed Combat
  2414 | D:2      | Found a bloodstained altar of Trog.
  2414 | D:2      | Noticed Terence
  2417 | D:2      | Noticed Natasha
  2428 | D:2      | Killed Terence
  2433 | D:2      | Killed Natasha
  3250 | D:3      | Splashed by a jelly's acid

Illustrated notes

Levels and vault maps discovered:
D:1:      scummos_arrival_gate, layout_basic
D:2:      layout_loops_cross, old_standard_altar, uniq_robin, uniq_terence,
          uniq_natasha
D:3:      cheibrodos_fertilizer, layout_loops_corners, lemuel_crystal_altar,
          lightli_sewer_entry_pipes, kennysheep_donut,
          kennysheep_generic_room_2, uniq_ijyb

Skill      XL: |  1  2  3  4  5 |
---------------+----------------+-----
Maces & Flails | 3 |  3.2
Unarmed Combat | 1 2 3 4 |  4.6
Fighting       | |  2.0
Throwing       | |  1.7
Dodging        | |  2.7

Action                   |  1- 3 |  4- 6 || total
-------------------------+-------+-------++-------
Melee: Flail             |   105 |       ||   105
       Unarmed           |    40 |   162 ||   202
       Punch             |       |     2 ||     2
  Use: Scroll            |     6 |       ||     6
       Potion            |       |     1 ||     1
 Stab: Sleeping          |     3 |     3 ||     6
       Distracted        |     1 |       ||     1
Armor: Leather armour    |    64 |    61 ||   125
Dodge: Dodged            |   134 |   101 ||   235

Table legend: (Time is in decaauts)
 A = Elapsed time spent in this place.
 B = Non-inter-level travel time spent in this place.
 C = Inter-level travel time spent in this place.
 D = Time resting spent in this place.
 E = Time spent auto-exploring this place.
 F = Levels seen in this place.
 G = Mean time per level.
                   A        B        C        D        E       F      G
               +--------+--------+--------+--------+--------+-----+--------+
         Total |   3267 |   3242 |     25 |    619 |   2052 |   3 | 1089.0 |
       Dungeon |   3267 |   3242 |     25 |    619 |   2052 |   3 | 1089.0 |
               +--------+--------+--------+--------+--------+-----+--------+

Top non-repeatable levels by time:
     D:2: 1786 daAuts
     D:1: 1203 daAuts
     D:3: 278 daAuts
